 Dungeon Crawl Stone Soup version 0.15-a0-335-g04a2ae6 (webtiles) character file.

147 4tharraofdagon the Firebug (level 4, 1/24 HPs)
             Began as a Deep Elf Fire Elementalist on May 1, 2014.
             Was an Initiate of Vehumet.
             Quit the game on Level 6 of the Dungeon.
             The game lasted 00:03:20 (514 turns).

4tharraofdagon the Firebug (DEFE)                    Turns: 514, Time: 00:03:20

HP   1/24        AC  2     Str  5      XL: 4   Next: 42%
MP   8/14        EV 18     Int 21      God: Vehumet [......]
Gold 50          SH  0     Dex 20      Spells:  2 memorised,  6 levels left

rFire  . . .     SeeInvis .     i - -2,-3 short sword (curse)
rCold  . . .     Clarity  .     a - +0 robe
rNeg   . . .     Conserve .     (no shield)
rPois  .         rCorr    .     (no helmet)
rElec  .         rRot     .     (no cloak)
SustAb . .       Spirit   .     (no gloves)
rMut   .         Warding  .     (no boots)
Saprov . . .     Stasis   .     (no amulet)
MR     .....                    (no ring)
                                (no ring)

@: agile, lethally poisoned, very slightly contaminated, not resistant to
hostile enchantments, fairly stealthy
A: no striking features
a: Renounce Religion


You were on level 6 of the Dungeon.
You worshipped Vehumet.
Vehumet was noncommittal.
You were not hungry.

You visited 1 branch of the dungeon, and saw 6 of its levels.

You collected 50 gold pieces.

Inventory:

Hand weapons
 i - a cursed -2,-3 short sword (weapon)
Armour
 a - a +0 robe (worn)
Magical devices
 e - a wand of frost (7)
Comestibles
 c - 3 bread rations
 f - a meat ration
 m - a banana
Books
 b - a book of Flames

   Spells                             Type                      Level
   *Flame Tongue                      Conjuration/Fire             1
   Throw Flame                        Conjuration/Fire             2
   *Conjure Flame                     Conjuration/Fire             3
   Inner Flame                        Hexes/Fire                   3
   Sticky Flame                       Conjuration/Fire             4
   Fireball                           Conjuration/Fire             5


   Skills:
 - Level 2.4 Dodging
 - Level 2.4 Stealth
 + Level 3.9 Spellcasting
 * Level 3.1 Conjurations
 * Level 4.4 Fire Magic


You had 6 spell levels left.
You knew the following spells:

 Your Spells              Type           Power        Failure   Level  Hunger
a - Flame Tongue          Conj/Fire      ###..        2%          1    None
b - Conjure Flame         Conj/Fire      ###.....     10%         3    ###....


Dungeon Overview and Level Annotations

Branches:
Dungeon (6/15)
 Temple: D:4-7

Altars:
Elyvilon
Vehumet

Shops:
D:5 %


Message History

Drink which item? (? for menu, Esc to quit)
You feel agile all of a sudden.
It was a potion of agility.
An ogre comes into view. It is wielding a giant club.
Drink which item? (? for menu, Esc to quit)
That liquid tasted very nasty...
You are lethally poisoned!
It was a potion of poison.
* * * LOW HITPOINT WARNING * * *
You feel sick.
Unknown command.
* * * LOW HITPOINT WARNING * * *
You feel sick.
You slide downwards.
The hatch slams shut behind you.
* * * LOW HITPOINT WARNING * * *
You feel sick.
Found 9 gold pieces.
Unknown command.
Enter note: FUUUUUUUUUUUUUUUUUUUU] Are you sure you want to abandon this character and quit the game? (Confirm with "yes".)

# #. #####
#. ....
#.#+#..#
#......#
#.....$#
#..@...#
#......#
#..........
#..........
#.........#
#.#######.
#. #.


There were no monsters in sight!

Vanquished Creatures
  A hound (D:3)
  A worker ant (D:5)
  Ijyb (D:3)
  An adder (D:3)
  A giant gecko (D:2)
  An orc (D:5)
  2 hobgoblins
  2 giant newts
10 creatures vanquished.

Notes
Turn   | Place    | Note
--------------------------------------------------------------
     0 | D:1      | 4tharraofdagon, the Deep Elf Fire Elementalist, began the quest for the Orb.
     0 | D:1      | Reached XP level 1. HP: 10/10 MP: 5/5
    84 | D:3      | Reached XP level 2. HP: 7/15 MP: 1/8
   108 | D:3      | Noticed a hound
   118 | D:3      | Killed a hound
   118 | D:3      | Reached skill level 4 in Fire Magic
   118 | D:3      | Reached XP level 3. HP: 6/19 MP: 0/11
   123 | D:3      | Learned a level 3 spell: Conjure Flame
   135 | D:3      | Noticed Ijyb
   143 | D:3      | Killed Ijyb
   167 | D:3      | Found a white marble altar of Elyvilon.
   229 | D:3      | :(
   316 | D:5      | Entered Level 5 of the Dungeon
   394 | D:5      | Found a radiant altar of Vehumet.
   413 | D:5      | Became a worshipper of Vehumet
   481 | D:5      | Found Utimuubu's Food Shop.
   496 | D:5      | Reached XP level 4. HP: 12/24 MP: 7/14
   511 | D:5      | Noticed an ogre
   513 | D:6      | HP: 1/24 [poison (a potion of poison)]
   514 | D:6      | FUUUUUUUUUUUUUUUUUUUU]
   514 | D:6      | Quit the game

Action                   |  1- 3 |  4- 6 || total
-------------------------+-------+-------++-------
Melee: Short sword       |     3 |       ||     3
 Cast: Flame Tongue      |    28 |     3 ||    31
Evoke: Wand              |     9 |       ||     9
  Use: Scroll            |       |     5 ||     5
       Potion            |       |     2 ||     2
